 Dungeon Crawl Stone Soup version 0.31-a0-1074-g0b22e4e0f1 (webtiles) character file.

Game seed: 148006976141869737

1743 Jeffwins the Mimic (level 8, -1/52 HPs)
             Began as an Armataur Shapeshifter on Nov 26, 2023.
             Was an Initiate of Gozag.
             Slain by a hobgoblin
             ... wielding a +0 hand axe
              (3 damage)
             ... in a bailey.
             The game lasted 00:08:59 (4245 turns).

Jeffwins the Mimic (Armataur Shapeshifter)          Turns: 4245, Time: 00:09:00

Health: -1/52      AC:  5    Str: 19    XL:     8   Next: 77%
Magic:  8/8        EV:  9    Int: 12    God:    Gozag
Gold:   795        SH:  5    Dex: 11    Spells: 7/7 levels left

rFire   . .          .
                       - Unarmed
rCold   . . .        (shield currently unavailable)
rNeg    . . .        a - +0 animal skin
rPois   .            (helmet restricted)
rElec   .            i - +0 cloak
rCorr   .            (no gloves)
SInv    .            (no barding)
Will    .....        h - amulet of reflection
Stlth   +            (no ring)
HPRegen 0.28/turn    (no ring)
MPRegen 0.11/turn

%: reflection, roll
@: brilliant, flux-form, gold aura, attractive, glowing, unable to drink
A: glow, contaminating, large, deformed body, tough skin 3, armoured tail, roll
2, long tongue, antennae 1, hooves 1, frail 1, inability to drink after injury
1, sturdy frame 1
a: Begin Untransformation, Renounce Religion, Potion Petition, Call Merchant,
Bribe Branch


You were in a bailey.
You worshipped Gozag.
Gozag was pleased with you.
You were something dangerously unstable.
You visited 2 branches of the dungeon, and saw 7 of its levels.
You also visited: Ossuary and Bailey.

You collected 869 gold pieces.
You spent 10 gold pieces at shops.
You paid 64 gold pieces to Gozag.


Innate Abilities, Weirdness & Mutations

You are something dangerously unstable.
You glow with magical radiation, making you easy to see and hit.
Foes you strike become dangerously contaminated with magical radiation.
You are incapable of wielding weapons or throwing items.
Armour fits poorly on your strangely shaped body.
You have extremely tough skin. (AC +3)
You have a long armoured tail.
You roll and regenerate health when moving toward enemies. (Rampage Heal)
Your long tongue fully drains potion bottles. (2x potion effects)
You have a pair of small antennae on your head.
You have large cloven feet.
You are frail. (-10% HP)
You occasionally lose the ability to drink potions when taking damage.
Your movements are slightly less encumbered by armour. (ER -2)


   Skills:
 - Level 0.8 Fighting
 - Level 1.3 Dodging
 - Level 4.0 Unarmed Combat
 * Level 9.5 Shapeshifting


You had 7 spell levels left.
You didn't know any spells.
Your spell library contained the following spells:

 Spells                   Type           Power      Damage    Failure   Level
 Freeze                   Ice            0%         1d3       32%         1
 Sandblast                Erth           0%         2d4       32%         1
 Ensorcelled Hibernation  Hex/Ice        0%         N/A       45%         2
 Passwall                 Tmut/Erth      0%         N/A       45%         2
 Frozen Ramparts          Ice            0%         1d1       69%         3
 Hailstorm                Conj/Ice       0%         3d3       69%         3
 Stone Arrow              Conj/Erth      0%         3d7       69%         3
 Swiftness                Air            0%         N/A       69%         3
 Brom's Barrelling Bould  Conj/Erth      0%         2d3       97%         4

Inventory:

Missiles
 g - 7 poisoned darts
Armour
 a - a +0 animal skin (worn)
 i - a +0 cloak (worn)
 p - a +0 buckler
Jewellery
 h - an amulet of reflection (around neck)
 F - a ring of fire
Talismans
 c - a beast talisman
 d - a flux talisman (active)
 l - a blade talisman
Wands
 r - a wand of digging (3)
Scrolls
 j - a scroll of brand weapon
 m - a scroll of enchant armour
 s - a scroll of fear {unknown}
Potions
 b - 2 potions of lignification {!q}
 e - 2 potions of heal wounds {@q2}
 f - a potion of curing {@q1}
 n - a potion of brilliance
 o - 3 potions of mutation {!q}

Dungeon Overview and Level Annotations

Branches:
Dungeon (7/15)             Temple (1/1) D:7         Ossuary (visited)
 Bailey (1/1)

Altars:
Elyvilon
Fedhas
Gozag
Kikubaaqudgha
Makhleb
Nemelex Xobeh
Okawaru
Qazlal
Ru
Uskayaw
Xom
Yredelemnul
The Shining One

Shops:
D:3

* ▒...........
▒▒▒.........▒ .
▒▒▒.▒▒▒)....▒▒▒ ..
▒▒▒.....▒'▒.▒▒▒ ...
▒▒.........▒▒▒ ....
▒.......))).▒ .....
▒...........▒
⌠.....▒g....⌠.....▒
......gp..........▒
......▒$..........▒
..... ▒▒.........▒▒
...▒ ▒▒▒.....▒▒▒ .▒
▒▒▒.▒▒▒ ▒▒▒


You could see a hobgoblin and a goblin.


Message History

* * * LOW HITPOINT WARNING * * *
Unknown command.
Unknown command.
You hit the hobgoblin but do no damage.
The hobgoblin begins to glow.
You kick the hobgoblin.
The hobgoblin is heavily wounded.
The hobgoblin closely misses you.
Unknown command.
You barely miss the hobgoblin. You kick the hobgoblin.
The hobgoblin is severely wounded.
The hobgoblin hits you but does no damage.
The hobgoblin closely misses you. The goblin closely misses you.
Unknown command.
You hit the hobgoblin but do no damage.
The hobgoblin glows dangerously bright.
The hobgoblin is severely wounded.
You block the hobgoblin's attack.
The hobgoblin hits you with a +0 hand axe.
* * * LOW HITPOINT WARNING * * *
The goblin hits you with a +0 war axe.
* * * LOW HITPOINT WARNING * * *
You hit the hobgoblin.
The hobgoblin shudders as magic cascades through it!
You kill the hobgoblin!
You block the hobgoblin's attack. The goblin hits you with a +0 war axe!
* * * LOW HITPOINT WARNING * * *
Unknown command.
You barely miss the goblin. You kick the goblin, but do no damage.
The hobgoblin hits you with a +0 hand axe.
You die...
Your body crumbles into a pile of gold.

Skill      XL: |  1  2  3  4  5  6  7  8 |
---------------+-------------------------+-----
Unarmed Combat | 3 4 |  4.0
Shapeshifting  | 3 4 5 6 8 9 |  9.5
Fighting       | |  0.8
Dodging        | |  1.3

Action                     |  1- 3 |  4- 6 |  7- 9 || total
---------------------------+-------+-------+-------++-------
  Melee: Unarmed           |   143 |   217 |   201 ||   561
         Tailslap          |    15 |    27 |    26 ||    68
         Punch             |     3 |     4 |     2 ||     9
         Kick              |       |       |     3 ||     3
    Use: Potion            |       |     1 |     7 ||     8
         Scroll            |       |     3 |     3 ||     6
   Stab: Sleeping          |     3 |       |     1 ||     4
 Armour: Animal skin       |    57 |    88 |    71 ||   216
         Skin              |       |    37 |    62 ||    99
  Dodge: Dodged            |    58 |    54 |    33 ||   145
  Block: Other             |     3 |    33 |    37 ||    73
   Form: Blade             |       |       |     1 ||     1
         Flux              |       |       |     1 ||     1

Levels and vault maps discovered:
D:1:      roderic_crop_circles_arrival_small, layout_loops_ring,
          shapermc_ecumenical_altar_mp_vishouse,
          hangedman_decor_clover_reticule, grunt_decor_junction,
          minmay_misc_feat_more_columns, minmay_misc_feat_four_crosses,
          nrook_campfire, minmay_hexomino_f4
D:2:      layout_basic
D:3:      layout_basic, kiku_gazebo_pond_becter, serial_shops, shop
D:4:      layout_cave_pools, enter_ossuary_4
D:5:      layout_gridville, uniq_blork_the_orc, uniq_edmund
D:7:      layout_loops_ring, zin_academy, grunt_qazlal_clouds,
          nicolae_overflow_macrodata_refinement,
          minmay_temple_entry_proselytizer, enter_bailey_2,
          minmay_misc_feat_room, lemuel_flamethrower_2
Temple:   chequers_temple_sunken
Bailey:   bailey_axe_minmay_hex_keep, bailey

Notes
Turn   | Place    | Note
-------+----------+-------------------------------------------
     0 | D:1      | Jeffwins the Armataur Shapeshifter began the quest for the
                  | Orb.
     0 | D:1      | Reached XP level 1. HP: 15/15 MP: 1/1
   175 | D:1      | Reached skill level 3 in Unarmed Combat
   175 | D:1      | Reached XP level 2. HP: 22/22 MP: 2/2
   177 | D:1      | Reached skill level 3 in Shapeshifting
   235 | D:1      | Found a faded altar of an unknown god.
   511 | D:1      | Reached XP level 3. HP: 25/27 MP: 3/3
  1500 | D:3      | Found Ucsut's General Store.
  1505 | D:3      | Bought a potion of degeneration for 10 gold pieces
  1565 | D:3      | Found an ancient bone altar of Kikubaaqudgha.
  1583 | D:3      | Reached XP level 4. HP: 33/34 MP: 4/4
  1837 | D:3      | Reached skill level 4 in Unarmed Combat
  2062 | D:4      | Noticed a scorpion
  2066 | D:4      | Killed a scorpion
  2067 | D:4      | Reached skill level 4 in Shapeshifting
  2067 | D:4      | Reached XP level 5. HP: 39/39 MP: 5/5
  2092 | D:4      | Reached skill level 5 in Shapeshifting
  2104 | D:4      | Reached XP level 6. HP: 46/46 MP: 6/6
  2179 | D:4      | Found a sand-covered staircase.
  2199 | Ossuary  | Entered an ossuary
  2691 | Ossuary  | Reached skill level 6 in Shapeshifting
  2771 | Ossuary  | Gained mutation: You roll and regenerate health when moving
                  | toward enemies. (Rampage Heal) [Armataur growth]
  2771 | Ossuary  | Reached XP level 7. HP: 37/51 MP: 7/7
  3351 | D:5      | Entered Level 5 of the Dungeon
  3366 | D:5      | Reached skill level 7 in Shapeshifting
  3378 | D:5      | You fall into a shaft and drop 2 floors!
  3386 | D:7      | Identified a scroll of acquirement
  3387 | D:7      | Found a stormy altar of Qazlal.
  3399 | D:7      | Noticed a shadow
  3402 | D:7      | Acquired 718 gold pieces
  3412 | D:7      | Killed a shadow
  3594 | D:7      | Reached skill level 8 in Shapeshifting
  3594 | D:7      | Reached XP level 8. HP: 40/58 MP: 8/8
  3655 | D:7      | Found a staircase to the Ecumenical Temple.
  3663 | Temple   | Entered the Ecumenical Temple
  3689 | Temple   | Became a worshipper of Gozag Ym Sagoz the Greedy
  3764 | D:7      | Found a flagged portal.
  3771 | Bailey   | Entered a bailey
  4213 | Bailey   | Reached skill level 9 in Shapeshifting
  4232 | Bailey   | Gained mutation: You have a pair of small antennae on your
                  | head. [potion of mutation]
  4232 | Bailey   | Gained mutation: You are frail. (-10% HP) [potion of
                  | mutation]
  4232 | Bailey   | Gained mutation: You are very frail. (-20% HP) [potion of
                  | mutation]
  4232 | Bailey   | Lost mutation: You are very frail. (-20% HP) [potion of
                  | mutation]
  4232 | Bailey   | Gained mutation: You occasionally lose the ability to drink
                  | potions when taking damage. [potion of mutation]
  4232 | Bailey   | Gained mutation: You have large cloven feet. [potion of
                  | mutation]
  4232 | Bailey   | Gained mutation: Your movements are slightly less
                  | encumbered by armour. (ER -2) [potion of mutation]
  4244 | Bailey   | HP: 1/52 [goblin/+0 war axe (8)]
  4245 | Bailey   | Slain by a hobgoblin

Vanquished Creatures
  A shadow (D:7)
  An ice beast (D:7)
  A black bear (D:5)
  5 orc warriors (Bailey)
  A bullfrog (D:7)
  A kobold brigand (D:7)
  2 elf zombies (Ossuary)
  5 scorpions
  A centaur zombie (Ossuary)
  A human zombie (Ossuary)
  An orc priest (D:7)
  2 orc wizards
  2 mummies (Ossuary)
  3 adders
  2 gnolls (Bailey)
  A white imp (D:7)
  2 adder zombies (Ossuary)
  3 worms
  2 dart slugs (D:1)
  13 orcs
  6 endoplasms
  4 giant cockroaches
  10 goblins
  14 hobgoblins
  16 jackals
  3 quokkas
  7 ball pythons
  4 bats
  2 frilled lizards
  6 hobgoblin zombies (Ossuary)
  3 jackal zombies (Ossuary)
  9 kobolds
  11 kobold zombies (Ossuary)
  8 orc zombies (Ossuary)
  2 quokka zombies (D:4)
  7 rats
  3 rat zombies (Ossuary)
165 creatures vanquished.

Table legend: (Time is in decaauts)
 A = Elapsed time spent in this place.
 B = Non-inter-level travel time spent in this place.
 C = Inter-level travel time spent in this place.
 D = Time resting spent in this place.
 E = Time spent auto-exploring this place.
 F = Levels seen in this place.
 G = Mean time per level.
                   A        B        C        D        E       F      G
               +--------+--------+--------+--------+--------+-----+--------+
         Total |   4203 |   4070 |    133 |    319 |   2506 |   9 |  467.0 |
       Dungeon |   3064 |   2981 |     83 |     98 |   1995 |   6 |  510.7 |
        Temple |     52 |      2 |     50 |      0 |      0 |   1 |   52.0 |
       Ossuary |    620 |    620 |      0 |      0 |    428 |   1 |  620.0 |
        Bailey |    466 |    466 |      0 |    221 |     83 |   1 |  466.0 |
               +--------+--------+--------+--------+--------+-----+--------+

Top non-repeatable levels by time:
     D:1: 841 daAuts
     D:4: 651 daAuts
 Ossuary: 620 daAuts
     D:2: 618 daAuts
     D:3: 590 daAuts
  Bailey: 466 daAuts
     D:7: 336 daAuts
  Temple: 52 daAuts
     D:5: 26 daAuts

Table legend:
 A = Non-vault XP
 B = Vault XP
 C = Vault XP percentage of total XP
 D = Non-vault monster count
 E = Vault monster count
 F = Vault count percentage of total count
                 A         B        C        D         E       F
            +---------+---------+-------+---------+---------+-------
      Total |    1370 |    1120 |  45.0 |      98 |      67 |  40.6
            +---------+---------+-------+---------+---------+-------
        D:1 |      42 |       5 |  10.6 |      21 |       4 |  16.0
        D:2 |      35 |       0 |   0.0 |      17 |       0 |   0.0
        D:3 |      91 |       0 |   0.0 |      22 |       0 |   0.0
        D:4 |     444 |       2 |   0.4 |      24 |       2 |   7.7
        D:5 |     131 |       0 |   0.0 |       2 |       0 |   0.0
        D:7 |     627 |      41 |   6.1 |      12 |       1 |   7.7
    Ossuary |       0 |     344 | 100.0 |       0 |      39 | 100.0
     Bailey |       0 |     728 | 100.0 |       0 |      21 | 100.0
            +---------+---------+-------+---------+---------+-------
